 Dungeon Crawl Stone Soup version 0.28.0-45-g0d030f2227 (webtiles) character file.

Game seed: 8695835919848211748

21 Iusername the Covered (level 2, -3/27 HPs)
             Began as a Minotaur Fighter on Apr 6, 2022.
             Was a Believer of Jiyva.
             Slain by Sigmund
             ... wielding a +2 scythe of flaming
              (5 damage)
             ... on level 2 of the Dungeon.
             The game lasted 00:02:17 (480 turns).

Iusername the Covered (Minotaur Fighter)             Turns: 480, Time: 00:02:18

Health: -3/27      AC:  7    Str: 20    XL:     2   Next: 62%
Magic:  1/1        EV:  9    Int:  5    God:    Jiyva [**....]
Gold:   33         SH:  4    Dex:  9    Spells: 1/1 levels left

rFire   . . .      SeeInvis .   a - +0 trident
rCold   . . .      Faith    .   c - +0 buckler
rNeg    . . .      Spirit   .   b - +0 scale mail
rPois   .          Reflect  .   (helmet restricted)
rElec   .          Harm     .   (no cloak)
rCorr   +          Rampage  .   (no gloves)
Will    .....                   (no boots)
Stlth   ..........              (no amulet)
HPRegen 1.05/turn               (no ring)
MPRegen 0.37/turn               (no ring)

@: mighty
A: horns 2, retaliatory headbutt
a: Renounce Religion


You were on level 2 of the Dungeon.
You worshipped Jiyva.
Jiyva was pleased with you.
You visited 1 branch of the dungeon, and saw 2 of its levels.

You collected 33 gold pieces.

Inventory:

Hand Weapons
 a - a +0 trident (weapon)
Armour
 b - a +0 scale mail (worn)
 c - a +0 buckler (worn)
Scrolls
 e - a scroll of teleportation {unknown}
Potions
 d - a potion of might


   Skills:
 + Level 4.0 Fighting
 + Level 2.9 Polearms
 + Level 4.0 Armour
 + Level 3.9 Shields


You had one spell level left.
You didn't know any spells.
Your spell library contained the following spells:

 Spells                   Type           Power      Damage    Failure   Level
 Shock                    Conj/Air       0%         1d3       89%         1
 Swiftness                Air            0%         N/A       99%         3
 Airstrike                Air            0%         N/A       100%        4


Dungeon Overview and Level Annotations

Branches:
Dungeon (2/15)

Altars:
Cheibriados
Jiyva

Shops:
D:1 *

Annotations:
D:2 Sigmund


Innate Abilities, Weirdness & Mutations

You have a pair of horns on your head.
You reflexively headbutt those who attack you in melee.


Message History

The magic dart hits you but does no damage.
You closely miss something. Something hits you. Something burns you.
The adder closely misses you. You furiously retaliate!
You headbutt the adder!
You kill the adder!
Your Fighting skill increases to level 4!
Your Armour skill increases to level 4!
You feel very mighty all of a sudden. Something hits you. Something burns you.
You closely miss something. Something hits you.
* * * LOW HITPOINT WARNING * * *
Something burns you.
* * * LOW HITPOINT WARNING * * *
You hear a slurping noise.
You barely miss something. Your headbutt misses something. Something hits you.
* * * LOW HITPOINT WARNING * * *
Something burns you.
* * * LOW HITPOINT WARNING * * *
You hear a slurping noise.
Something hits the endoplasm!
Something burns the endoplasm.
The endoplasm misses something.
The endoplasm freezes something.
A puff of flame appears from out of thin air!
The puff of flame hits the endoplasm!
The endoplasm dies!
You hear a distant slurping noise.
You see here 10 stones.
Something hits you. Something burns you.
* * * LOW HITPOINT WARNING * * *
You see here 10 stones.
Something hits you.
* * * LOW HITPOINT WARNING * * *
Something burns you.
* * * LOW HITPOINT WARNING * * *
Something hits you but does no damage.
A magic dart appears from out of thin air!
The magic dart hits you.
* * * LOW HITPOINT WARNING * * *
Something hits you.
You die...

#######....
#..)..<(J..
#.######### #.#
###.#
######...#
####..{.(.###
#.......#######
#.##@..........
#..?...########
#......#
#.._$..#
#......#
#......#
#..)...#
########


There were no monsters in sight!

Vanquished Creatures
  An adder (D:2)
  A ball python (D:1)
  2 goblins
  A hobgoblin (D:1)
  2 bats (D:1)
  2 frilled lizards (D:1)
  A kobold (D:1)
  4 rats (D:1)
14 creatures vanquished.

Vanquished Creatures (others)
  An endoplasm (D:2)
  A ball python (D:1)
  A giant cockroach (D:1)
  2 hobgoblins (D:1)
  A frilled lizard (D:1)
  2 rats (D:1)
8 creatures vanquished.

Grand Total: 22 creatures vanquished

Notes
Turn   | Place    | Note
-------+----------+-------------------------------------------
     0 | D:1      | Iusername the Minotaur Fighter began the quest for the Orb.
     0 | D:1      | Reached XP level 1. HP: 19/19 MP: 0/0
    96 | D:1      | Found a faded altar of an unknown god.
    99 | D:1      | Prayed at the altar of an unknown god.
    99 | D:1      | Became a worshipper of Jiyva Jerove the Shapeless
    99 | D:1      | Reached * piety under Jiyva
   149 | D:1      | Found Reduag's Assorted Antiques.
   196 | D:1      | Reached XP level 2. HP: 27/27 MP: 1/1
   320 | D:1      | Reached ** piety under Jiyva
   453 | D:2      | Found a snail-covered altar of Cheibriados.
   456 | D:2      | Noticed Sigmund
   475 | D:2      | HP: 1/27 [something (3)]
   480 | D:2      | Slain by Sigmund

Illustrated notes

Levels and vault maps discovered:
D:1:      minmay_arrival_solitary_statue, layout_rooms, serial_shops, shop,
          hellmonk_ecumenical_altar_inner_sanctum
D:2:      minmay_razor_zed, layout_rooms, basic_altar, minmay_misc_feat_encased,
          uniq_sigmund

Skill      XL: |  1  2 |
---------------+-------+-----
Fighting       | 4 |  4.0
Armour         | 4 |  4.0
Polearms       | |  2.9
Shields        | |  3.9

Action                   || total
-------------------------++-------
Melee: Trident           ||    32
       Headbutt          ||     1
  Use: Potion            ||     1
Armor: Scale mail        ||    33
Dodge: Dodged            ||    20
Block: Buckler           ||     9
